[Event "*** Titled Tuesday Blitz"]
[Site "Chess.com"]
[Date "2020.12.29"]
[Round "5"]
[White "PavelChernomordik"]
[Black "StellarChessPro"]
[Result "0-1"]
[WhiteElo "2288"]
[BlackElo "2495"]
[TimeControl "180+1"]
[EndTime "10:56:04 PST"]
[Termination "StellarChessPro won on time"]

1. e4 b6 2. d4 Bb7 3. Nc3 e6 4. Nge2 Nf6 5. e5 Nd5 6. Nxd5 Bxd5 7. Nf4 Bb7 8. Qg4 d6 9. Bd2 Nc6 10. Nd3 dxe5 11. dxe5 Qd4 12. Qxd4 Nxd4 13. O-O-O O-O-O 14. f3 Nf5 15. Re1 Be7 16. Be2 Nd4 17. Bd1 Ba6 18. Nf4 h5 19. g3 Bb7 20. Rhf1 g5 21. Nd3 Ba6 22. Re3 Rd7 23. Rfe1 Rhd8 24. g4 hxg4 25. fxg4 Nxc2 26. Bxc2 Bxd3 27. Bxd3 Rxd3 28. Rxd3 Rxd3 29. Rf1 Bd8 30. Rxf7 Rh3 31. Rf2 Rh4 32. Rg2 Kd7 33. Kd1 Kc6 34. Ke2 Kd5 35. Be1 Rh3 36. Bg3 c5 37.
Kf3 Bc7 38. Rd2+ Kc6 39. Ke4 Rh7 40. Rf2 b5 41. Rf6 Kd7 42. Rg6 Bd8 43. Rg8 a6 44. b3 Rf7 45. Rg6 Rf1 46. Rg7+ Be7 47. h4 Ke8 48. h5 c4 49. bxc4 bxc4 50. Rg8+ Kd7 51. Ra8 c3 52. Ra7+ Ke8 53. Rc7 Rg1 54. Kf3 Rc1 55. h6 c2 56. Ke2 Rg1 57. Rxc2 Rxg3 58. h7 Rh3 59. Rc8+ Bd8 60. Rc6 Kd7 61. Rxa6 Rxh7 62.
Ra7+ Bc7 63. Kd3 Rf7 64. Kc4 Rf4+ 65. Kc5 Rxg4 66. a4 Re4 67. a5 Rxe5+ 68. Kd4 Rxa5 0-1

[Event "*** Titled Tuesday Blitz"]
[Site "Chess.com"]
[Date "2020.12.29"]
[Round "5"]
[White "ARMQUEEN"]
[Black "MaevskiyNikolay"]
[Result "0-1"]
[WhiteElo "2411"]
[BlackElo "2592"]
[TimeControl "180+1"]
[EndTime "10:56:06 PST"]
[Termination "MaevskiyNikolay won by resignation"]

1. e4 c6 2. d4 d5 3. Nc3 dxe4 4.
Nxe4 Bf5 5. Ng3 Bg6 6. h4 h6 7.
Nh3 Nf6 8. Nf4 Bh7 9. c3 e6 10. Ngh5 Nbd7 11. Bd3 Bxd3 12. Qxd3 Nxh5 13. Nxh5 Nf6 14. Ng3 Qd5 15. f3 O-O-O 16. Qe2 Bd6 17. Nf1 e5 18. Ne3 Qe6 19. Nc2 Rhe8 20. Be3 Nd5 21. O-O-O exd4 22. Rxd4 Nxe3 23. Re4 Qxa2 24. Qxe3 Rxe4 25. Qxe4 Qe6 26. Qa4 Kb8 27. Re1 Qg6 28. g4 Bg3 29. Rg1 Qd6 30. Qb3 Qf4+ 31. Kb1 Qxf3 32. Nd4 Qe4+ 33. Ka1 Rd7 34. Rxg3 Qe1+ 35. Ka2 Qxg3 36. Nxc6+ Kc7 37. Nd4 a6 38. Qc4+ Kb8 39. Nf5 Qe5 40. Qb4 Qe6+ 41. c4 f6 42. Qc5 Rc7 43.
Qf8+ Ka7 44. Nd6 Qd7 45. b3 Rc6 46. Ne4 Qd3 47. Qe7 Qc2+ 48. Ka3 Qc1+ 49. Kb4 Qe1+ 50.
Ka3 Qe3 51. Qe8 Rxc4 52. Nd6 Qc5+ 53. Kb2 Rc2+ 54. Kb1 Rc1+ 55. Ka2 Qc2+ 56. Ka3 Ra1+ 57. Kb4 Qd2+ 58. Kc5 Rc1+ 59. Nc4 Qf2+ 60. Kb4 Qe1+ 61. Qxe1 Rxe1 62. Nd6 Rg1 63. Kc5 Rxg4 64. Nc8+ Kb8 65.
Nd6 Rxh4 66. b4 Rh5+ 67. Kb6 Rd5 0-1

[Event "*** Titled Tuesday Blitz"]
[Site "Chess.com"]
[Date "2020.12.29"]
[Round "5"]
[White "AryanTari"]
[Black "MokshanovAlexey"]
[Result "1-0"]
[WhiteElo "2890"]
[BlackElo "2629"]
[TimeControl "180+1"]
[EndTime "10:56:08 PST"]
[Termination "AryanTari won on time"]

1. d4 d5 2. Nf3 Nf6 3. Bf4 e6 4.
Nbd2 Be7 5. e3 O-O 6. Bd3 c5 7. c3 b6 8. Qe2 a5 9. Ne5 Ba6 10.
O-O Bxd3 11. Qxd3 Bd6 12. Bg5 h6 13. Bh4 Be7 14. f4 Nfd7 15. Bxe7 Qxe7 16. Rf3 Nxe5 17.
fxe5 f5 18. exf6 Rxf6 19. Rxf6 Qxf6 20. Rf1 Qe7 21. dxc5 bxc5 22. e4 c4 23. Qe3 Qa7 24.
Qxa7 Rxa7 25. Re1 Rb7 26. b3 cxb3 27. Nxb3 Nc6 28. exd5 exd5 29. Rd1 a4 30. Nc5 Rb2 31. Nxa4 Rxa2 32. Nb6 Ne5 33. Nxd5 Nc4 34. h4 Kf7 35. Rd4 Ne5 36. Ne3 Re2 37. Re4 Re1+ 38. Kf2 Nd3+ 39. Kf3 Rc1 40. Nd5 g5 41. h5 Rc2 42. Re7+ Kf8 43.
Rh7 Ne5+ 44. Ke4 Nf7 45. Kf5 Rf2+ 46. Kg6 Ne5+ 47. Kxh6 Rxg2 48. Rc7 g4 49. Nf6 g3 50. Nh7+ Ke8 51. Nf6+ Kd8 52. Rg7 Rg1 53. Kh7 g2 54. h6 Rf1 55. Rxg2 Rxf6 56. Kg7 Rf7+ 57. Kg8 Rf3 58. h7 Nf7 59. Kg7 Ke7 60. Re2+ Kd6 61. Rg2 Ke7 62. c4 Rh3 63. Re2+ Kd6 64. Rf2 1-0

[Event "*** Titled Tuesday Blitz"]
[Site "Chess.com"]
[Date "2020.12.29"]
[Round "5"]
[White "ChessArchitect64"]
[Black "Martins-BR"]
[Result "0-1"]
[WhiteElo "2075"]
[BlackElo "2271"]
[TimeControl "180+1"]
[EndTime "10:56:08 PST"]
[Termination "Martins-BR won on time"]

1. e4 c5 2. Nf3 Nc6 3. Bb5 d6 4. O-O Bd7 5. c3 a6 6. Ba4 b5 7. Bc2 Nf6 8. d4 Qc7 9. d5 Ne5 10. Nxe5 dxe5 11. f4 g6 12. fxe5 Qxe5 13. Bf4 Qh5 14.
Qd2 g5 15. Bg3 Bg7 16. e5 Ng4 17. h3 Nxe5 18. Qe3 g4 19. h4 Rc8 20. Nd2 O-O 21.
Rae1 Ng6 22. d6 exd6 23. Bxd6 Rfe8 24. Qf2 Nxh4 25. Rxe8+ Rxe8 26. Bg3 Nf5 27. Bxf5 Bxf5 28. Qxf5 Qxf5 29. Rxf5 Re2 30. Rf2 Re6 31. Nf1 h5 32.
Rd2 Bh6 33. Rd8+ Kh7 34. Rd7 Kg6 35. Rd6 Kf5 36. Rxe6 fxe6 37. Bc7 c4 38. Bb6 Ke4 39. Bf2 Bg5 40. Ng3+ Kd3 41. Kf1 Kc2 42. Ne4 Bc1 43. b3 cxb3 44. axb3 Kxb3 45. Bc5 Bb2 46. Bb4 Ka4 47.
Ke2 a5 48. Bd6 Kb3 49. Kd3 a4 50. Nc5+ Ka2 51. Ne4 a3 52. Nd2 Ka1 53. Nb3+ Kb1 54. Nd2+ Kc1 55. Nb3+ Kd1 56. c4 bxc4+ 57. Kxc4 a2 58.
Ba3 a1=Q 59. Nxa1 Bxa1 60. Bd6 Ke2 61. g3 Kf2 62. Be5 Kg2 0-1

[Event "*** Titled Tuesday Blitz"]
[Site "Chess.com"]
[Date "2020.12.29"]
[Round "5"]
[White "esskeettit"]
[Black "K_A_S_T_O_R"]
[Result "1-0"]
[WhiteElo "2477"]
[BlackElo "2793"]
[TimeControl "180+1"]
[EndTime "10:56:11 PST"]
[Termination "esskeettit won by checkmate"]

1. d4 Nf6 2. c4 e6 3. Nc3 Bb4 4. Qc2 O-O 5. e4 d5 6. e5 Ne4 7. Bd3 c5 8. Ne2 cxd4 9. Nxd4 Nd7 10. Bf4 Ndc5 11. O-O Bxc3 12. bxc3 Bd7 13. Rad1 Ba4 14. Nb3 Qh4 15. g3 Qh3 16. f3 Bxb3 17. axb3 Nxd3 18.
fxe4 dxe4 19. b4 a5 20. c5 axb4 21. cxb4 Nxb4 22. Qxe4 Ra2 23. Rd2 Rxd2 24. Bxd2 Nd5 25. Rb1 Rb8 26. Ra1 Qh5 27. Kg2 Qg6 28. Qxg6 hxg6 29. Kf3 Rc8 30. Ra7 Rxc5 31. Rxb7 Rc8 32. Ke4 Ra8 33. h4 Ra3 34. Bf4 Ra4+ 35. Kf3 Ra8 36.
Rd7 Rc8 37. Rb7 Kf8 38. Kg4 Ke8 39. Kf3 Rc3+ 40. Kg4 Rc8 41. Kf3 Kf8 42. Kg4 Ne7 43. Kf3 Nf5 44. Kg4 Kg8 45. Kf3 Rc3+ 46. Kg4 Rd3 47.
Rb8+ Kh7 48. Rb7 Rd1 49. Rxf7 Rf1 50. Rb7 Kg8 51. Rb8+ Kf7 52. Rb7+ Ke8 53. Rb8+ Kd7 54. Rb6 Rg1 55. Ra6 Ke7 56. Ra7+ Kf8 57. Ra8+ Kf7 58. Ra7+ Kg8 59. Ra8+ Kh7 60. Ra6 Nd4 61. Rd6 Nf5 62.
Rxe6 Rf1 63. Ra6 Kg8 64. e6 Kf8 65. Ra8+ Ke7 66. Ra6 Re1 67. Bg5+ Kf8 68. Ra8# 1-0

[Event "*** Titled Tuesday Blitz"]
[Site "Chess.com"]
[Date "2020.12.29"]
[Round "5"]
[White "davigator"]
[Black "amatatanav"]
[Result "0-1"]
[WhiteElo "2271"]
[BlackElo "2438"]
[TimeControl "180+1"]
[EndTime "10:56:11 PST"]
[Termination "amatatanav won by resignation"]

1. e4 c5 2. Nf3 Nc6 3. d4 cxd4 4. Nxd4 g6 5. Nxc6 bxc6 6. Qd4 Nf6 7. e5 Nd5 8. Bc4 Qb6 9. Qe4 Bg7 10. Nd2 O-O 11.
Nf3 d6 12. O-O Bf5 13. Qe2 Bg4 14. exd6 exd6 15. Bxd5 cxd5 16. Qd3 Bf5 17. Qd2 d4 18. Rd1 Bg4 19. Qd3 Rac8 20. Rd2 Bh6 21. Qxd4 Bxd2 22.
Qxd2 Bxf3 23. gxf3 Rfe8 24. c3 Qb5 25. Kg2 Re2 26.
Qh6 Re1 27. Be3 Qf1+ 28. Kg3 Qg1+ 29. Kh3 Qf1+ 30. Kg3 Rxa1 31. Bd4 Qg1+ 32. Kh3 f6 33. Bxf6 Rc7 34. Qe3 Qf1+ 35. Kg3 Qe1 36. Qd4 Qe6 37. Kg2 Re1 38. Bg5 Re5 39. Bf4 Qd5 40. Qb4 Ree7 41. Bh6 Qb7 42. Qd4 Rf7 43. c4 Qxf3+ 44. Kg1 Qxf2+ 45.
Qxf2 Rxf2 46. Kxf2 Rxc4 47. Bf4 Rc2+ 48. Ke3 Rxb2 49.
Bxd6 Rxa2 50. Kf3 Ra4 51. Bb8 Kf7 52. Ke3 Ke6 53. Kd3 Kd5 54. Kc3 a6 55. Kc2 Rc4+ 56. Kb3 Rc6 57. Bf4 h5 58. h4 Ke4 59. Bg5 Kf5 60. Be7 Kg4 61. Kb4 Re6 62. Bd8 Re5 63. Bf6 Rf5 64. Be7 g5 65. hxg5 Rxg5 66. Bd6 Rf5 67.
Kc3 h4 68. Kd4 h3 69. Ke3 Rf3+ 70. Ke2 a5 71. Bc7 a4 72. Bd6 a3 73. Be5 a2 74.
Kd2 h2 75. Bxh2 a1=Q 0-1

[Event "*** Titled Tuesday Blitz"]
[Site "Chess.com"]
[Date "2020.12.29"]
[Round "5"]
[White "champ2005"]
[Black "petrpalachev"]
[Result "0-1"]
[WhiteElo "2985"]
[BlackElo "2732"]
[TimeControl "180+1"]
[EndTime "10:56:12 PST"]
[Termination "petrpalachev won by resignation"]

1. d4 d5 2. Bf4 Nf6 3. e3 c5 4. c3 Nc6 5. Nd2 Bf5 6. Ngf3 e6 7. Qb3 Qc8 8. Nh4 Bg6 9. Nxg6 hxg6 10. Be2 Be7 11.
h3 O-O 12. O-O a6 13. Rfe1 Rd8 14. Bf1 b5 15. dxc5 Bxc5 16. Nf3 Qb7 17. a3 Bd6 18.
Rad1 Ne4 19. Qc2 Rac8 20. Qb1 a5 21. Bxd6 Nxd6 22. b4 Qb6 23. Qb3 Nc4 24. Bxc4 dxc4 25. Qc2 a4 26. Qe4 Qc7 27. Ng5 Qe5 28. Qxe5 Nxe5 29. Ne4 Rxd1 30. Rxd1 Nd3 31. Rd2 f6 32. f3 Rc6 33. Nf2 Nxf2 34. Kxf2 Rb6 35. Rd7 e5 36. e4 g5 37. Kg3 g6 38. h4 gxh4+ 39.
Kxh4 Kf8 40. g4 Ke8 41. Rg7 Rd6 42. Rxg6 Kf7 43. Rh6 Kg7 44. Rh5 Rd3 45. Rf5 Kg6 46.
g5 fxg5+ 47. Kg4 Rxc3 48. Rxe5 Rxa3 49. Rxg5+ Kf6 50. Rxb5 Rb3 51. Rb6+ Ke5 52. Rb5+ Kd4 53. Rd5+ Ke3 54. e5 c3 55. e6 c2 56. Rc5 Kd2 57. e7 Re3 58. Rc7 Rxe7 59. Rxe7 c1=Q 60. f4 Qd1+ 61. Kg5 Qg1+ 62. Kf6 Qb6+ 63. Re6 Qxb4 64. f5 a3 65. Kf7 a2 66. Ra6 Qc4+ 0-1

[Event "*** Titled Tuesday Blitz"]
[Site "Chess.com"]
[Date "2020.12.29"]
[Round "5"]
[White "Beca95"]
[Black "JustKid"]
[Result "0-1"]
[WhiteElo "2818"]
[BlackElo "2620"]
[TimeControl "180+1"]
[EndTime "10:56:13 PST"]
[Termination "JustKid won on time"]

1. d4 d5 2. c4 e6 3. Nc3 c5 4. cxd5 exd5 5. Nf3 Nc6 6. dxc5 d4 7. Na4 Bxc5 8.
Nxc5 Qa5+ 9. Bd2 Qxc5 10. e3 dxe3 11. Bxe3 Qb4+ 12. Qd2 Qxd2+ 13. Bxd2 Nge7 14. Bc4 h6 15. O-O Be6 16. Bxe6 fxe6 17. Rfe1 Kf7 18. Re4 Rhe8 19. h3 Nd5 20. Rc1 Rac8 21. Rec4 Nce7 22. Ne5+ Kg8 23. g4 Rxc4 24. Rxc4 Rc8 25. Rxc8+ Nxc8 26. Kf1 Kf8 27. Ke2 Ke7 28. f4 Nd6 29. Kd3 a6 30. b3 Ne8 31.
Kd4 Kd6 32. a4 b5 33. Nd3 bxa4 34. bxa4 Nef6 35. Nc5 Nc7 36. Kc4 h5 37. g5 Nfd5 38. Kd4 g6 39. Nd3 Ne7 40. Ne5 Ncd5 41. Ke4 Kc5 42.
Nd7+ Kd6 43. Nf8 Kc5 44. Ke5 Nf5 45. Nxg6 Nd4 46. Nf8 Nf3+ 47. Kxe6 Nxd2 48. f5 Nf4+ 49. Kf7 Ne4 50. g6 Nd6+ 51. Kf6 Nd5+ 52. Ke5 Nxf5 53. Kxf5 Ne7+ 54. Kf6 Nxg6 55. Kxg6 Kb4 56. Kxh5 Kxa4 57.
Kg5 Kb3 58. h4 a5 59. h5 a4 60. h6 a3 61. h7 a2 62. h8=Q Kc2 63. Qh2+ Kb1 64. Qg1+ Kb2 65. Qd4+ Kb1 66. Qb4+ Ka1 67. Qd2 Kb1 68. Ne6 a1=Q 69. Nd4 Qb2 70. Qd3+ Ka2 71.
Kf4 Qc1+ 72. Ke4 Qb1 0-1

[Event "*** Titled Tuesday Blitz"]
[Site "Chess.com"]
[Date "2020.12.29"]
[Round "5"]
[White "Brave_spirit12"]
[Black "ckgchess"]
[Result "0-1"]
[WhiteElo "2535"]
[BlackElo "2771"]
[TimeControl "180+1"]
[EndTime "10:56:14 PST"]
[Termination "ckgchess won by resignation"]

1. e4 c5 2. c3 Nf6 3. e5 Nd5 4. d4 cxd4 5. cxd4 d6 6. Nf3 Nc6 7. Nc3 Nxc3 8. bxc3 e6 9. Bd3 dxe5 10. dxe5 Qa5 11.
O-O Be7 12. Qe1 b6 13. Bd2 Bb7 14. c4 Bb4 15. Be4 Bxd2 16. Qxd2 Qxd2 17. Nxd2 O-O-O 18. Nf3 Nd4 19. Bxb7+ Kxb7 20. Ng5 Rd7 21. Ne4 Nf5 22. g4 Rd4 23. f3 Ne3 24. Rfc1 f5 25. Nd6+ Kc6 26.
gxf5 Nxf5 27. Nb5 Rd7 28. a4 Nd4 29. Nxd4+ Rxd4 30. a5 Rf8 31. axb6 axb6 32. Rc3 Rff4 33.
Kf2 Rxc4 34. Rd3 Rfd4 35. Rad1 Rxd3 36. Rxd3 Kc7 37. Ra3 Rh4 38. Ra7+ Kc6 39. Kg3 g5 40. Rg7 h6 41. Rg8 Kd5 42. Rb8 Rb4 43. Rh8 b5 44. Rxh6 Kxe5 45. Rg6 Kf5 46. Rg8 Rb3 47. Rf8+ Ke5 48.
Rg8 Kf6 49. Rf8+ Kg7 50. Rb8 Rb1 51. Kg4 Kf6 52. Kg3 b4 53. Rb5 b3 54. Kg2 e5 55.
Rb6+ Kf5 56. Rb8 Kf4 57. Rb4+ Ke3 58. Re4+ Kd3 59. Rb4 Kc3 60. Rb8 Rd1 61. Kg3 b2 62. Kg4 Rd4+ 63. Kxg5 Rb4 64. Rc8+ Kb3 65. Re8 b1=Q 66.
Rxe5 Qc1+ 67. Kf6 Qf4+ 68. Rf5 Rb6+ 0-1

[Event "*** Titled Tuesday Blitz"]
[Site "Chess.com"]
[Date "2020.12.29"]
[Round "5"]
[White "JonahWillow"]
[Black "Macron20hTF1"]
[Result "1-0"]
[WhiteElo "2711"]
[BlackElo "2481"]
[TimeControl "180+1"]
[EndTime "10:56:16 PST"]
[Termination "JonahWillow won on time"]

1. e4 g6 2. d4 Bg7 3. Nc3 d6 4. f4 a6 5. Nf3 b5 6. Bd3 Nd7 7. Ne2 Bb7 8. c3 c5 9. O-O Qc7 10. Be3 Ngf6 11. Ng3 O-O 12. Kh1 e6 13. Rc1 Rac8 14.
Qe2 Qb8 15. Bb1 Qa8 16. Bg1 cxd4 17. cxd4 d5 18. e5 Ne4 19. Nxe4 dxe4 20. Ng5 Bh6 21. Rxc8 Rxc8 22. Nxe4 Bd5 23. b3 b4 24. Nd6 Rc3 25. Be4 a5 26. g3 Bf8 27. Bxd5 Qxd5+ 28. Ne4 f5 29. exf6 Nxf6 30. Re1 Bg7 31. Qg2 Nxe4 32. Qxe4 Qxe4+ 33. Rxe4 Kf7 34. Re2 Rc1 35. Kg2 Bf6 36. Bf2 Rd1 37. Rc2 Bxd4 38. Bxd4 Rxd4 39. Kf3 Rd1 40.
Rc7+ Kf6 41. Rxh7 Rd2 42. g4 g5 43. fxg5+ Kg6 44. Re7 Rxa2 45. Rxe6+ Kf7 46. Ra6 a4 47. g6+ Kg7 48. bxa4 b3 49. Rb6 b2 50. h4 Ra3+ 51.
Kf4 Rxa4+ 52. Kg3 Ra3+ 53. Kf4 Ra4+ 54. Kf5 Ra5+ 55. Ke6 Kxg6 56. Ke7+ Kg7 57. Rxb2 Re5+ 58. Kd6 Re4 59. Rg2 Kg6 60. Kd5 Re1 61. Kd4 Re8 62.
Kd3 Re7 63. Re2 Ra7 64. Ke3 Ra3+ 65. Kf4 Ra1 66. Re6+ Kf7 67. Rb6 Ra4+ 68. Kg5 Ra5+ 69. Kh6 Ra4 70. Rb7+ Ke6 71. Rg7 Kf6 72. h5 1-0

[Event "*** Titled Tuesday Blitz"]
[Site "Chess.com"]
[Date "2020.12.29"]
[Round "5"]
[White "Sueetin"]
[Black "Cambek64"]
[Result "0-1"]
[WhiteElo "2485"]
[BlackElo "2321"]
[TimeControl "180+1"]
[EndTime "10:56:18 PST"]
[Termination "Cambek64 won on time"]

1. e4 e6 2. d4 d5 3. Nc3 Nc6 4.
Nf3 Nf6 5. e5 Ne4 6. Ne2 f6 7.
exf6 Qxf6 8. Ng3 Bd6 9. Bb5 O-O 10. O-O Bd7 11. c4 Nxg3 12. hxg3 Rad8 13. c5 Be7 14. Bxc6 Bxc6 15. Bf4 Rc8 16. Be5 Qf5 17. Qe2 a6 18. a4 Be8 19. Qe3 Bh5 20. Ne1 Bg5 21. f4 Bd8 22. Nd3 Bg6 23. Nf2 h5 24. Ra3 Bf6 25. Re1 Bxe5 26. Qxe5 Qxe5 27. Rxe5 Bf5 28. a5 c6 29. Rb3 Rc7 30. Nh3 g6 31. Ng5 Re8 32. Kf2 Kg7 33. Rb6 Kf6 34. Ke3 Ree7 35. Nf3 Rc8 36. Nd2 Rh8 37. Nf3 Rd8 38. Nd2 Rh8 39.
Nf3 Rd8 40. b3 Rh8 41. b4 Rg8 42. b5 axb5 43. a6 Rb8 44. axb7 Rbxb7 45. Rxc6 Rec7 46.
Ra6 Ra7 47. Rb6 Rab7 48. Ra6 Ra7 49. Rb6 Rab7 50. Kd2 Rxb6 51. cxb6 Rb7 52. Kc3 Rxb6 53. Kb4 Rc6 54. Kxb5 Rc2 55. Nh4 Rc3 56. Nf3 Be4 57. Ng5 Bf5 58. Nf3 Be4 59. Ng5 Rxg3 60. Rxe6+ Kf5 61.
Re5+ Kxf4 62. Nxe4 Ke3 0-1

[Event "*** Titled Tuesday Blitz"]
[Site "Chess.com"]
[Date "2020.12.29"]
[Round "5"]
[White "KononenkoD"]
[Black "Nemsko"]
[Result "0-1"]
[WhiteElo "2451"]
[BlackElo "2319"]
[TimeControl "180+1"]
[EndTime "10:56:19 PST"]
[Termination "Nemsko won by checkmate"]

1. d4 Nf6 2. c4 e6 3. g3 d5 4. Nf3 Bb4+ 5. Bd2 Be7 6. Bg2 O-O 7. O-O b6 8. Qc2 Ba6 9. Ne5 c6 10. Nc3 Nfd7 11. cxd5 cxd5 12. Bf4 Nxe5 13. Bxe5 Nc6 14.
Qa4 Bb7 15. Bf4 a6 16. Be3 b5 17. Qd1 Bf6 18. Qd3 Nb4 19. Qd2 Qe7 20. Rfc1 Rac8 21. Nd1 Nc6 22. Rc5 Na7 23. Rac1 Rc6 24. b4 Rfc8 25.
Nb2 Qd7 26. Nd3 Qe8 27. h4 Be7 28. Rxc6 Nxc6 29. Nc5 Bxc5 30. Rxc5 Ne7 31. Bf4 Rxc5 32. dxc5 Bc6 33. Bd6 Nc8 34. Qf4 Qd7 35. Be5 f6 36. Bb2 e5 37. Qf3 Ne7 38. Qb3 Kf8 39. Kh2 d4 40. Bxc6 Qxc6 41. e3 dxe3 42. Qxe3 Kg8 43. f4 e4 44. Kg2 Qd5 45. Qd4 Qxd4 46. Bxd4 Nd5 47. Kf2 Kf7 48. f5 Nxb4 49. Ke3 Nc6 50. Kxe4 Ke7 51. Be3 Kd7 52. Kd5 Nb4+ 53. Ke4 Nxa2 54.
Bd2 Kc6 55. Kd4 b4 56. Kc4 a5 57. h5 Nc3 58. h6 gxh6 59. Bxh6 Ne4 60. Bg7 Nxg3 61. Bxf6 Nxf5 62. Bg5 h5 63. Be3 h4 64. Bg1 h3 65. Bh2 Nh4 66. Bg3 Nf3 67. Kd3 h2 68. Ke3 h1=Q 69. Kf4 Qf1 70. Ke3 Ng1 71. Ke4 Qe2+ 72.
Kf4 Nf3 73. Kg4 Nd4+ 74. Kh3 Ne6 75. Kh4 Nxc5 76. Kh3 Ne4 77. Bh4 Qf3+ 78. Kh2 Qg4 79. Be1 Qe2+ 80. Kh1 Qxe1+ 81. Kh2 Qg3+ 82. Kh1 Nf2# 0-1

[Event "*** Titled Tuesday Blitz"]
[Site "Chess.com"]
[Date "2020.12.29"]
[Round "5"]
[White "ChessWarrior7197"]
[Black "Jungle_Jaguar"]
[Result "1/2-1/2"]
[WhiteElo "2910"]
[BlackElo "2626"]
[TimeControl "180+1"]
[EndTime "10:56:22 PST"]
[Termination "Game drawn - insufficient material"]

1. e4 c5 2. Nf3 d6 3. d4 cxd4 4. Nxd4 Nf6 5. f3 e5 6. Nb3 d5 7. Bg5 d4 8. c3 a5 9. a4 Nc6 10. cxd4 Bb4+ 11. Bd2 Nxd4 12. Bxb4 axb4 13. Nxd4 exd4 14.
Bb5+ Bd7 15. Qxd4 Bxb5 16. Qe5+ Kf8 17. Qxb5 Qd4 18. Nd2 Rd8 19. Rd1 g6 20. b3 Kg7 21.
Ke2 Rhe8 22. Qc4 Qb6 23. Qc2 Nd5 24. Nc4 Qc5 25. Rd2 Nc3+ 26. Ke1 f5 27. e5 Rxe5+ 28.
Nxe5 Qe3+ 29. Re2 Nxe2 30. Qc7+ Kh6 31. Nf7+ Kh5 32. g4+ fxg4 33. fxg4+ Kxg4 34. Ne5+ Kh3 35. Qxh7+ Kg2 36. Qxb7+ Kh3 37. Qf3+ Qxf3 38. Nxf3 Nc3 39. Rg1 Rd3 40. Kf2 Ne4+ 41. Ke2 Rxb3 42. Rxg6 Nc3+ 43.
Kf1 Ne4 44. Rh6+ Kg4 45. Ne5+ Kf5 46. Nc4 Rb1+ 47. Ke2 Nc3+ 48. Kd3 Nxa4 49. h4 Nc5+ 50. Kd4 Ne6+ 51. Kd3 Rd1+ 52. Kc2 Rh1 53. Ne3+ Ke5 54.
Kd3 Rh3 55. Ke2 Nd4+ 56. Kd2 Nf3+ 57. Kd3 Ne1+ 58. Ke2 b3 59. Rb6 Nc2 60. Rb5+ Ke4 61. Nxc2 bxc2 62. Kd2 Rh2+ 63. Kc1 Kf3 64. h5 Kg4 65. h6 Rxh6 66. Kxc2 Rh2+ 67. Kc3 Rf2 68. Kc4 Rf4+ 69. Kc5 Rf5+ 70. Kc6 Rxb5 71. Kxb5 1/2-1/2

[Event "*** Titled Tuesday Blitz"]
[Site "Chess.com"]
[Date "2020.12.29"]
[Round "5"]
[White "MPGM"]
[Black "TigrVShlyape"]
[Result "0-1"]
[WhiteElo "2709"]
[BlackElo "2875"]
[TimeControl "180+1"]
[EndTime "10:56:25 PST"]
[Termination "TigrVShlyape won by resignation"]

1. d4 d5 2. c4 c6 3. Nf3 Nf6 4. g3 g6 5. Bg2 Bg7 6. O-O O-O 7. Qb3 Qb6 8. Nc3 Rd8 9. Na4 Qxb3 10. axb3 Na6 11. h3 h6 12. g4 Be6 13. c5 h5 14. g5 Nd7 15. Bf4 Bf5 16. Nc3 e5 17. Nxe5 Naxc5 18. Nxd7 Nxd7 19. e3 a6 20. Na4 Re8 21.
Rfc1 Bf8 22. h4 Bb4 23. Nc3 a5 24. f3 Be6 25. Kf2 Be7 26. Rd1 Kg7 27. Rd2 Rf8 28. e4 dxe4 29. fxe4 Bxb3 30. d5 Bc5+ 31. Kg3 Nb6 32.
dxc6 bxc6 33. Be5+ Kg8 34. Bf6 Nc4 35. Re2 Rfe8 36. e5 Rac8 37. Ne4 Bd4 38. Nd2 Nxd2 39. Rxd2 Bxe5+ 40. Bxe5 Rxe5 41. Rc1 c5 42. Rc3 a4 43.
Rf3 Rce8 44. Rd7 Re3 45. Kf2 Re2+ 46. Kg3 R8e3 47. Rxe3 Rxe3+ 48. Kf2 Re5 49. Rc7 Kf8 50. Bf3 Ke8 51. Kg3 Kd8 52. Ra7 Re3 53. Kf4 Rd3 54.
Ra8+ Kc7 55. Ra7+ Kb6 56. Re7 Rd4+ 57. Re4 Kb5 58. Ke5 Rxe4+ 59. Bxe4 Kb4 60. Kf6 a3 61. bxa3+ Kxa3 62. Bc6 Kb4 63. Be8 Be6 64. Bxf7 Bxf7 65. Kxf7 c4 66. Kxg6 c3 67. Kh7 c2 68. g6 c1=Q 69. g7 Qc2+ 70. Kh8 Qc3 71. Kh7 Qd3+ 72. Kh6 Qg3 73. g8=Q Qxg8 74. Kxh5 Qh7+ 75. Kg5 Kc5 76. h5 Kd6 0-1

[Event "*** Titled Tuesday Blitz"]
[Site "Chess.com"]
[Date "2020.12.29"]
[Round "5"]
[White "No_t_ime_to_die"]
[Black "cukin84"]
[Result "1-0"]
[WhiteElo "2477"]
[BlackElo "2184"]
[TimeControl "180+1"]
[EndTime "10:56:25 PST"]
[Termination "No_t_ime_to_die won on time"]

1. e4 c6 2. d4 d5 3. f3 dxe4 4.
fxe4 Nf6 5. Nc3 Bg4 6. Nf3 e6 7.
Bg5 Be7 8. Qd2 h6 9. Bf4 Bb4 10. Qe3 Qa5 11. Ne5 Nbd7 12. Nc4 Qd8 13. Nd6+ Bxd6 14.
Bxd6 Nb6 15. Qg3 Qd7 16. e5 O-O-O 17. Bc5 Nfd5 18. Qxg4 Nxc3 19. bxc3 Na4 20. Bb4 c5 21. Rd1 cxb4 22. cxb4 Nc3 23. Rd3 Nd5 24. c3 f6 25. Be2 fxe5 26. dxe5 Qf7 27. Rf1 Qe7 28. Bf3 Kb8 29. Bxd5 Rxd5 30. Rxd5 exd5 31. Qd4 Rd8 32.
h4 a6 33. Rf3 Rc8 34. Qxd5 Qxh4+ 35. Kd2 Qg5+ 36. Kc2 Qxg2+ 37. Kb3 Qg6 38. Qd3 Qe6+ 39. c4 b5 40. Rf4 bxc4+ 41. Rxc4 Rxc4 42. Qxc4 Qxe5 43. Qxa6 Qd5+ 44. Ka3 Qd4 45. Qb5+ Ka7 46. Qa5+ Kb7 47. Qb5+ Kc7 48. Kb3 Qe3+ 49. Ka4 Qd4 50. Qa5+ Kd7 51. Qb5+ Ke6 52. Kb3 Qd1+ 53. Kc3 Qc1+ 54. Kb3 Qb1+ 55. Ka3 Qc1+ 56. Ka4 Qc2+ 57. Ka3 Qc3+ 58. Ka4 g5 59. Qb6+ Kf5 60. Qxh6 Qc2+ 61. Kb5 Qxa2 62. Qh7+ Kf4 63. Qc7+ Kg4 64. Qc8+ Kh4 65. Kb6 Qf2+ 66. Qc5 Qf6+ 67.
Ka5 g4 68. b5 g3 69. b6 Qa1+ 70. Kb5 Qb2+ 71. Kc6 g2 72. b7 Qf6+ 73. Kc7 1-0

[Event "*** Titled Tuesday Blitz"]
[Site "Chess.com"]
[Date "2020.12.29"]
[Round "5"]
[White "1random"]
[Black "hurricane7791"]
[Result "0-1"]
[WhiteElo "2423"]
[BlackElo "2626"]
[TimeControl "180+1"]
[EndTime "10:56:26 PST"]
[Termination "hurricane7791 won by checkmate"]

1. e4 c5 2. Nf3 Nc6 3. d4 cxd4 4. Nxd4 Qb6 5. Nb3 Nf6 6. Nc3 e6 7. Be3 Qc7 8. Bd3 a6 9. f4 d6 10. g4 h6 11. Qf3 b5 12. h4 Nd7 13. O-O-O Bb7 14. g5 hxg5 15. hxg5 Rxh1 16. Rxh1 g6 17. Rh7 Nb4 18. Kb1 Nxd3 19. cxd3 d5 20. exd5 b4 21. Ne4 Bxd5 22. Rh8 O-O-O 23. Qe2 Kb8 24. Rh1 Qb7 25. Bd4 Rc8 26. Rc1 Rxc1+ 27. Nxc1 a5 28. Nf6 Nxf6 29. Bxf6 Qc6 30. Be5+ Ka8 31.
Qh2 Kb7 32. Qh7 Qd7 33. Qg8 Bc5 34. Nb3 Bb6 35. Qf8 Bxb3 36. axb3 Qxd3+ 37. Ka2 Qd7 38. Bf6 Bc7 39. Be5 Bxe5 40. fxe5 Kb6 41. Qb8+ Qb7 42.
Qd6+ Qc6 43. Qd8+ Qc7 44. Qd4+ Kb7 45. Qe4+ Kb8 46. Qd4 Kc8 47. Qe4 Kd7 48. Qd4+ Ke7 49. Qf4 Ke8 50. Qd4 Qd8 51. Qf4 Kf8 52. Qe3 Kg8 53. Qf4 Qd7 54. Qe3 a4 55. Qf4 Qb5 56. Qe3 Qd5 57. Qg3 axb3+ 58. Qxb3 Qxe5 59. Qxb4 Qxg5 60. Qb8+ Kg7 61. b4 Qd5+ 62. Ka3 e5 63.
b5 e4 64. b6 e3 65. Qe8 Qc5+ 66. Ka4 Qxb6 67. Qe5+ Qf6 68. Qxe3 g5 69. Kb3 Qe6+ 70.
Qxe6 fxe6 71. Kc4 Kf6 72. Kd4 Kf5 73. Ke3 e5 74. Kf3 e4+ 75. Kg3 Ke5 76. Kg4 Kd4 77.
Kg3 Kd3 78. Kf2 Kd2 79. Kf1 e3 80. Kg2 e2 81. Kf2 e1=Q+ 82. Kg2 Qe4+ 83. Kh2 Qg4 84. Kh1 Ke3 85. Kh2 Kf2 86. Kh1 Qg2# 0-1

[Event "*** Titled Tuesday Blitz"]
[Site "Chess.com"]
[Date "2020.12.29"]
[Round "5"]
[White "Rytenko_V"]
[Black "Marianov_Podstavnikov"]
[Result "0-1"]
[WhiteElo "2426"]
[BlackElo "2276"]
[TimeControl "180+1"]
[EndTime "10:56:26 PST"]
[Termination "Marianov_Podstavnikov won by resignation"]

1. d4 Nf6 2. c4 e6 3. Nc3 Bb4 4. Nf3 d5 5. e3 O-O 6. Be2 c5 7.
O-O Nc6 8. a3 Bxc3 9. bxc3 dxc4 10. Bxc4 Qc7 11. a4 b6 12. Ba3 Rd8 13. Qe2 Na5 14.
Bd3 c4 15. Bc2 Bb7 16. Ne5 Ne4 17. Qh5 g6 18. Qh6 Nd6 19. h4 f6 20. Ng4 Qg7 21.
Qf4 Ne8 22. e4 Nb3 23. Rad1 Rac8 24. Rfe1 h5 25. Ne3 e5 26. dxe5 fxe5 27. Qg5 Nd2 28. Bc1 Nxe4 29. Qxd8 Rxd8 30. Rxd8 Nf6 31. Nd1 Qc7 32.
Rd2 Qc6 33. f3 Qc5+ 34. Kh1 Nd6 35. Rde2 Nf5 36. Kh2 Qc7 37. Kg1 Nd7 38. Be3 Nxe3 39. Nxe3 Qc5 40. Kh1 Nf6 41. Nf1 e4 42. Bxe4 Bxe4 43.
fxe4 Ng4 44. e5 Nf2+ 45. Kh2 Ng4+ 46. Kh1 Kf8 47. e6 Ke7 48. Ne3 Nf6 49. Nc2 Qf5 50. Nd4 Qg4 51. Re3 Qxh4+ 52. Kg1 Ng4 53. Nc6+ Kd6 54. e7 Qf2+ 55. Kh1 Nxe3 56. Rxe3 Qxe3 57. e8=Q Qxe8 58. Nd4 Qe1+ 59. Kh2 h4 60. Nb5+ Kc5 61. Nd4 Qg3+ 62. Kh1 h3 63. Ne6+ Kd6 64. gxh3 Kxe6 65. h4 Qxh4+ 66. Kg2 Qe4+ 67. Kg3 Qd3+ 68.
Kh4 Qxc3 69. Kg5 Qb3 70. a5 Qa4 71. Kh6 bxa5 72. Kg7 Qb3 73. Kh8 Qf3 74. Kg8 g5 75. Kg7 g4 76. Kh6 g3 77. Kh7 g2 78. Kh8 g1=Q 0-1